 Dungeon Crawl Stone Soup version 0.24-a0-274-gb3763e6 (webtiles) character file.

Game seed: 5779817339773144441

82311 nikopol the Eclecticist (level 15, -2/74 HPs)
             Began as a Deep Elf Fire Elementalist on Apr 24, 2019.
             Was a High Priest of Vehumet.
             Killed from afar by Frances (39 damage)
             ... with an iron shot
             ... on level 14 of the Dungeon on Apr 26, 2019.
             The game lasted 01:42:19 (30101 turns).

nikopol the Eclecticist (DEFE)                     Turns: 30101, Time: 01:42:20

Health: -2/74      AC: 11    Str:  7    XL:     15   Next: 29%
Magic:  18/40      EV: 17    Int: 35    God:    Vehumet [*****.]
Gold:   1923       SH:  6    Dex: 18    Spells: 16/52 levels left

rFire    . . .     SeeInvis .   G - staff of wizardry
rCold    . . .     Gourm    .   j - +0 buckler of Disappointment {rCorr Str-2 Dex+3}
rNeg     + + .     Faith    .   E - +1 robe "Zustim" {rN+ Int+4}
rPois    +         Spirit   .   y - +0 helmet
rElec    .         Reflect  .   d - +2 cloak
rCorr    +         Harm     .   J - +1 pair of gloves
MR       ++++.     Clarity  +   (no boots)
Stlth    +++.......             R - amulet of the Four Winds {rN+ MR+++ Clar}
HPRegen  0.22/turn              S - ring "Xusoj" {*Slow rPois Str+4 Int+4}
MPRegen  0.27/turn              i - +2 ring of protection (curse)

@: no status effects
A: no striking features
a: Renounce Religion


You were on level 14 of the Dungeon.
You worshipped Vehumet.
Vehumet was extremely pleased with you.
You were not hungry.

You visited 4 branches of the dungeon, and saw 23 of its levels.
You also visited: Gauntlet and Ice Cave.

You collected 3148 gold pieces.
You spent 1225 gold pieces at shops.

Inventory:

Armour
 d - a +2 cloak (worn)
 j - the +0 buckler of Disappointment (worn) {rCorr Str-2 Dex+3}
   (You found it on level 8 of the Dungeon)

   It affects your strength (-2).
   It affects your dexterity (+3).
   It provides partial protection from all sources of acid and corrosion.
 y - a +0 helmet (worn)
 E - the +1 robe "Zustim" (worn) {rN+ Int+4}
   (You bought it in a shop on level 9 of the Dungeon)

   It affects your intelligence (+4).
   It protects you from negative energy.
 J - a +1 pair of gloves (worn)
 O - +0 ice dragon scales
 V - the +0 chain mail of Contentment {Int+4}
   (You found it in a Gauntlet)

   It affects your intelligence (+4).
Magical Staves
 G - an uncursed staff of wizardry (weapon)
Jewellery
 i - a cursed +2 ring of protection (right hand)
 N - an uncursed ring of flight
 R - the amulet of the Four Winds (around neck) {rN+ MR+++ Clar}
   (You found it on level 11 of the Dungeon)

   [amulet of nothing]

   It protects you from negative energy.
   It affects your resistance to hostile enchantments.
   It protects you against confusion.
 S - the ring "Xusoj" (left hand) {*Slow rPois Str+4 Int+4}
   (You found it in a Gauntlet)

   [ring of intelligence]

   It affects your strength (+4).
   It affects your intelligence (+4).
   It protects you from poison.
   It may slow you when you take damage.
 W - a ring of the Octopus King {rCorr AC+1 EV+1 Str+1 Int+1 Dex+1}
   (You found it in a Gauntlet)

   [ring of resist corrosion]

   It affects your AC (+1).
   It affects your evasion (+1).
   It affects your strength (+1).
   It affects your intelligence (+1).
   It affects your dexterity (+1).
 Y - the ring of Xole {rC+ Dex+5}
   (You took it off a minotaur in a Gauntlet)

   [ring of protection from cold]

   It affects your dexterity (+5).
   It protects you from cold.
Wands
 f - a wand of scattershot (6)
 n - a wand of digging (14)
 D - a wand of clouds (7)
 L - a wand of polymorph (20)
 M - a wand of iceblast (6)
 Q - a wand of enslavement (20)
 X - a wand of flame (17)
 Z - a wand of random effects (9)
Scrolls
 a - a scroll of summoning {unknown}
 e - 7 scrolls of fear
 h - 4 scrolls of amnesia
 l - 6 scrolls of remove curse
 p - 4 scrolls of magic mapping
 q - 19 scrolls of teleportation
 u - 3 scrolls of blinking
 z - 2 scrolls of enchant weapon
 B - 2 scrolls of noise {unknown}
 I - 2 scrolls of enchant armour {unknown}
 P - 4 scrolls of brand weapon {unknown}
 T - a scroll of holy word {unknown}
Potions
 b - 5 potions of brilliance
 g - a potion of might {unknown}
 k - 7 potions of agility
 m - 4 potions of haste
 o - 3 potions of cancellation
 s - a potion of lignification
 t - 8 potions of curing
 w - a potion of resistance
 A - a potion of heal wounds
 F - 2 potions of magic
 K - 2 potions of flight
Miscellaneous
 U - a box of beasts
Comestibles
 c - 34 rations


   Skills:
 + Level 1.4 Fighting
 * Level 3.8 Armour
 + Level 6.5 Dodging
 + Level 5.1 Stealth
 + Level 5.3 Shields
 + Level 19.3 Spellcasting
 + Level 14.8 Conjurations
 + Level 15.1 Fire Magic
 + Level 1.0 Ice Magic
 + Level 1.8 Earth Magic
   Level 1.9 Poison Magic
 + Level 0.8 Evocations


You had 16 spell levels left.
You knew the following spells:

 Your Spells              Type           Power        Failure   Level  Hunger
a - Flame Tongue          Conj/Fire      #####        0%          1    None
b - Throw Flame           Conj/Fire      ######       0%          2    None
c - Conjure Flame         Conj/Fire      #######.     0%          3    None
d - Sticky Flame          Conj/Fire      #######.     0%          4    None
e - Fireball              Conj/Fire      #######...   1%          5    None
f - Throw Icicle          Conj/Ice       ######..     1%          4    None
g - Bolt of Magma         Conj/Fire/Erth #######...   1%          5    None
h - Force Lance           Conj/Tloc      ######..     1%          4    None
i - Iron Shot             Conj/Erth      #######...   1%          6    None
k - Blink                 Tloc           N/A          1%          2    None

Your spell library contained the following spells:

 Spells                   Type           Power        Failure   Level  Hunger
 Lee's Rapid Deconstruct  Erth           #####.....   1%          5    None
 Magic Dart               Conj           ####         0%          1    None
 Animate Skeleton         Necr           N/A          1%          1    None
 Apportation              Tloc           ####..       1%          1    None
 Beastly Appendage        Tmut           ####..       1%          1    None
 Confusing Touch          Hex            ####..       1%          1    None
 Corona                   Hex            ####...      1%          1    None
 Freeze                   Ice            ####         1%          1    None
 Sting                    Conj/Pois      ####         1%          1    None
 Summon Butterflies       Summ           ####....     1%          1    None
 Summon Small Mammal      Summ           ####         1%          1    None
 Call Imp                 Summ           ####....     1%          2    None
 Poisonous Vapours        Pois/Air       #####.       1%          2    None
 Slow                     Hex            ####....     1%          2    None
 Sticks to Snakes         Tmut           ####....     1%          2    None
 Throw Frost              Conj/Ice       ######       1%          2    None
 Confuse                  Hex            ####....     1%          3    None
 Gell's Gravitas          Tloc           ####......   1%          3    None
 Inner Flame              Hex/Fire       ######..     1%          3    None
 Lesser Beckoning         Tloc           ####......   1%          3    None
 Mephitic Cloud           Conj/Pois/Air  ######..     1%          3    None
 Ozocubu's Armour         Chrm/Ice       #####...     1%          3    None
 Portal Projectile        Hex/Tloc       ####..       1%          3    None
 Spider Form              Tmut/Pois      #####.....   1%          3    None
 Tukima's Dance           Hex            ####....     1%          3    None
 Olgreb's Toxic Radiance  Pois           #####...     1%          4    None
 Venom Bolt               Conj/Pois      #######...   1%          5    None
 Leda's Liquefaction      Hex/Erth       #####.....   2%          4    None
 Petrify                  Tmut/Erth      #####...     2%          4    None
 Ice Form                 Ice/Tmut       #####...     3%          4    None
 Summon Ice Beast         Ice/Summ       #####...     3%          4    None
 Yara's Violent Unravell  Hex/Tmut       ####......   3%          5    None
 Cause Fear               Hex            ####......   4%          4    None
 Alistair's Intoxication  Tmut/Pois      #####...     8%          5    None
 Metabolic Englaciation   Hex/Ice        #####.....   9%          5    None
 Blade Hands              Tmut           ####......   11%         5    None
 Invisibility             Hex            ####....     47%         6    None


Dungeon Overview and Level Annotations

Branches:
Dungeon (14/15)            Temple (1/1) D:7            Lair (6/6) D:10
  Swamp (0/4) Lair:4        Snake (0/4) Lair:4        Slime (0/5) Lair:5
    Orc (2/2) D:11            Elf (0/3) Orc:2        Vaults (0/5) D:13

Altars:
Ashenzari
Cheibriados
Dithmenos
Elyvilon
Fedhas
Gozag
Hepliaklqana
Kikubaaqudgha
Makhleb
Nemelex Xobeh
Okawaru
Qazlal
Ru
Sif Muna
Trog
Uskayaw
Vehumet
Wu Jian
Xom
Yredelemnul
Zin
The Shining One
Beogh

Shops:
D:9 [   D:11 *   D:12 ?   Orc:1 [   Orc:2 (?((

Annotations:
D:14 exclusion: Roxanne, Frances; Roxanne
Lair:6 3 runed translucent doors, PeterLawrence's ghost, journeyman MiFi; Yolobob's ghost, journeyman TrMo; confidenceinterval's ghost, journeyman DsFi; confidenceinterval's ghost, journeyman MiFi
Orc:1 2 transporters, Aske's ghost, journeyman HaBe


Message History

Aim: Frances, wielding a +0 dire flail and wearing a +0 ring mail (severely wounded, fast)
The sticky flame hits Frances!
Frances is severely wounded.
Frances is covered in liquid flames!
Frances burns!
Frances chants phrases taken from a devil's mouth.
The iron shot hits you!!
Frances mutters in a terrible tongue.
The iron shot hits you!!
* * * LOW HITPOINT WARNING * * *
Casting: Sticky Flame (safe; 0% risk of failure)
Confirm with . or Enter, or press ? or * to list all spells.
Okay, then.
You feel much better.
Frances burns!
Frances hits you with a +0 dire flail!!
* * * LOW HITPOINT WARNING * * *
Okay, then.
You feel much better.
Frances burns!
Frances chants phrases taken from a devil's mouth. x2
The iron shot hits you!!!
Ouch! That really hurt!
You die...

#........................ .......
#.....................### #.
#.....................##########.
.................................
.(............###############...#
#..#########..# #...# ..
#..###############...#
..#########.....................
..............@@..>.............
...<....!...3...................
.########.....4...[.........[...
########....................)..
...................)...........
...............................
######..########...#########...
#..# #...# #...
#######..########...# #...


You could see Frances (burning), a hellwing and a smoke demon.

Vanquished Creatures
  An orc warlord (Orc:2)
  An ironheart preserver (D:13)
  Nessos (D:14)
  A minotaur (Gauntlet)
  A fire dragon (Lair:6)
  Snorg (D:13)
  10 hydras
  2 ice dragons (shapeshifter)
  Harold (D:11)
  Erolcha (D:9)
  3 ice dragons
  3 centaur warriors (D:13)
  2 catoblepae
  2 death knights (D:14)
  4 two-headed ogres
  Urug (D:12)
  A tengu warrior (Gauntlet)
  5 orc high priests (Orc:2)
  Sonja (D:11)
  2 unseen horrors
  A swamp dragon (Lair:6)
  2 lindwurms (Lair:6)
  A necromancer (Gauntlet)
  A wizard (D:12)
  7 orc knights
  A manticore (D:13)
  An ugly thing (D:13)
  A deep elf mage (D:13)
  2 orc sorcerers (Orc:1)
  A cyclops (D:13)
  A black mamba (Lair:1)
  3 ice statues
  9 spiny frogs
  Psyche (D:12)
  A minotaur zombie (Gauntlet)
  6 torpor snails (Lair:6)
  4 rime drakes
  4 komodo dragons
  2 freezing wraiths (D:14)
  An ice devil (Lair:2)
  An efreet (D:14)
  2 tengu conjurers (Gauntlet)
  A troll (D:11)
  A merfolk (D:10)
  2 polar bears (Lair:2)
  3 tyrant leeches (Lair:6)
  8 hornets (Lair:6)
  A wind drake (shapeshifter) (D:13)
  4 slime creatures
  8 hippogriffs
  A meliai zombie (D:10)
  A vampire (D:14)
  10 wyverns
  A shadow (D:14)
  3 wraiths
  47 yaks
  4 basilisks
  2 hungry ghosts
  2 steam dragons (Lair:6)
  2 vampire mosquitoes (D:13)
  A warg (Orc:2)
  Menkaure (D:7)
  2 soldier ants
  3 acid dragons
  7 nagas (Lair:4)
  14 water moccasins
  2 porcupines (shapeshifter) (Gauntlet)
  8 porcupines
  32 orc warriors
  A swamp drake (shapeshifter) (Gauntlet)
  26 ice beasts
  4 black bears
  6 phantoms
  5 sky beasts
  A swamp drake (Lair:6)
  9 centaurs
  5 ogres
  2 necrophages
  2 eyes of draining
  3 wolves (Gauntlet)
  10 crocodiles
  3 big kobolds
  22 bullfrogs
  5 scorpions
  11 killer bees
  3 howler monkeys (D:11)
  An electric eel (Lair:4)
  5 wights (D:11)
  4 jellies
  2 crimson imps
  A centaur zombie (D:10)
  A quasit (D:7)
  2 bullfrog zombies
  4 hounds
  Crazy Yiuf (D:6)
  27 orc priests
  7 orc wizards
  2 bullfrog skeletons (D:9)
  6 centaur skeletons
  5 iguanas
  9 worker ants
  Terence (D:2)
  A hound zombie (D:6)
  A hound skeleton (D:8)
  7 gnolls
  21 adders
  5 shadow imps
  4 white imps (Lair:2)
  An adder skeleton (D:4)
  6 worms
  A dart slug (D:4)
  8 leopard geckos
  74 orcs
  10 bats
  3 giant cockroaches (D:1)
  4 goblins
  8 hobgoblins
  13 jackals
  23 kobolds
  4 quokkas
  3 ball pythons
  9 frilled lizards
  A leopard gecko zombie (D:7)
  5 rats
  2 fungi
  9 plants
687 creatures vanquished.

Vanquished Creatures (others)
  A scorpion (D:6)
  A giant cockroach (D:6)
  2 quokkas
  3 demonic plants (Gauntlet)
  10 fungi
  23 plants
40 creatures vanquished.

Grand Total: 727 creatures vanquished

Notes
Turn   | Place    | Note
-------+----------+-------------------------------------------
     0 | D:1      | nikopol the Deep Elf Fire Elementalist began the quest for
                  | the Orb.
     0 | D:1      | Reached XP level 1. HP: 10/10 MP: 6/6
   166 | D:1      | Reached XP level 2. HP: 15/15 MP: 6/8
   579 | D:1      | Reached XP level 3. HP: 19/19 MP: 5/10
  1455 | D:2      | Reached skill level 4 in Spellcasting
  1479 | D:2      | Noticed Terence
  1572 | D:2      | Killed Terence
  1572 | D:2      | Reached XP level 4. HP: 17/24 MP: 1/12
  1579 | D:2      | Learned a level 2 spell: Throw Flame
  1583 | D:2      | Learned a level 3 spell: Conjure Flame
  1659 | D:2      | Learned a level 4 spell: Sticky Flame
  1740 | D:2      | Found a glowing golden altar of the Shining One.
  1871 | D:3      | Found a sacrificial altar of Ru.
  1920 | D:3      | Found a deep blue altar of Sif Muna.
  2007 | D:2      | Reached XP level 5. HP: 28/28 MP: 8/14
  2098 | D:3      | Reached skill level 5 in Spellcasting
  2178 | D:3      | Found a shattered altar of Ashenzari.
  2356 | D:3      | Reached skill level 5 in Fire Magic
  2670 | D:3      | Found a stormy altar of Qazlal.
  2704 | D:3      | Found an ornate altar of the Wu Jian Council.
  2919 | D:4      | Reached XP level 6. HP: 32/32 MP: 10/16
  3109 | D:4      | Reached skill level 6 in Spellcasting
  3241 | D:5      | Entered Level 5 of the Dungeon
  3475 | D:5      | Found an ornate altar of the Wu Jian Council.
  3476 | D:5      | Found a shadowy altar of Dithmenos.
  3549 | D:5      | Reached XP level 7. HP: 29/36 MP: 5/19
  3645 | D:5      | Found an iron altar of Okawaru.
  3782 | D:5      | Found a stormy altar of Qazlal.
  3782 | D:5      | Noticed an air elemental
  3785 | D:5      | Noticed a water elemental
  3785 | D:5      | Noticed a fire elemental
  3933 | D:5      | Learned a level 5 spell: Fireball
  3984 | D:5      | Reached skill level 1 in Shields
  3984 | D:5      | Reached skill level 7 in Spellcasting
  4207 | D:6      | Found a glowing silver altar of Zin.
  4389 | D:6      | Found a shimmering altar of Xom.
  4548 | D:6      | Reached XP level 8. HP: 41/41 MP: 16/21
  4664 | D:6      | Reached skill level 8 in Spellcasting
  4672 | D:6      | Reached skill level 5 in Conjurations
  5046 | D:6      | Found a runed translucent door.
  5047 | D:6      | Noticed Crazy Yiuf
  5054 | D:6      | Killed Crazy Yiuf
  5340 | D:7      | Found a staircase to the Ecumenical Temple.
  5348 | Temple   | Entered the Ecumenical Temple
  5469 | D:7      | Noticed Menkaure
  5476 | D:7      | Killed Menkaure
  5529 | D:7      | Reached skill level 9 in Spellcasting
  5578 | D:7      | Found a snail-covered altar of Cheibriados.
  5629 | D:7      | Reached XP level 9. HP: 17/45 MP: 12/24
  5883 | D:7      | Learned a level 2 spell: Blink
  6301 | D:8      | Got a translucent buckler
  6312 | D:8      | Identified the cursed +0 buckler of Disappointment {rCorr
                  | Str-2 Dex+3} (You found it on level 8 of the Dungeon)
  6616 | D:8      | Reached skill level 10 in Spellcasting
  7016 | D:9      | Found a white marble altar of Elyvilon.
  7048 | D:9      | Noticed a two-headed ogre
  7064 | D:9      | Killed a two-headed ogre
  7171 | D:9      | Noticed Erolcha
  7179 | D:9      | Killed Erolcha
  7179 | D:9      | Reached skill level 11 in Spellcasting
  7179 | D:9      | Reached XP level 10. HP: 50/50 MP: 0/27
  7351 | D:9      | Found a radiant altar of Vehumet.
  7415 | D:9      | Became a worshipper of Vehumet
  7699 | D:9      | Learned a level 5 spell: Venom Bolt
  7968 | D:9      | Found Ovefawe's Antique Armour Emporium.
  8061 | D:9      | Bought a heavy robe for 131 gold pieces
  8071 | D:9      | Identified the +1 robe "Zustim" {rN+ Int+4} (You bought it
                  | in a shop on level 9 of the Dungeon)
  8214 | D:9      | Noticed a two-headed ogre
  8219 | D:9      | Killed a two-headed ogre
  8439 | D:10     | Entered Level 10 of the Dungeon
  8439 | D:10     | Found a staircase to the Lair.
  8450 | D:10     | Reached skill level 1 in Poison Magic
  8980 | D:10     | Reached * piety under Vehumet
  8980 | D:10     | Offered knowledge of Freeze by Vehumet.
  9065 | D:10     | Reached skill level 12 in Spellcasting
  9130 | D:10     | Noticed a two-headed ogre
  9134 | D:10     | Killed a two-headed ogre
  9872 | Lair:1   | Entered Level 1 of the Lair of Beasts
  9875 | Lair:1   | Reached XP level 11. HP: 55/55 MP: 15/29
 10106 | Lair:1   | Reached skill level 13 in Spellcasting
 10107 | Lair:1   | Reached skill level 10 in Fire Magic
 10546 | Lair:1   | Learned a level 4 spell: Throw Icicle
 10553 | Lair:1   | Offered knowledge of Sandblast by Vehumet.
 10568 | Lair:1   | Noticed an eight-headed hydra
 10716 | Lair:1   | Killed an eight-headed hydra
 10864 | Lair:1   | Reached ** piety under Vehumet
 11436 | Lair:2   | Reached skill level 10 in Conjurations
 11865 | Lair:2   | You fall through a shaft!
 11869 | Lair:3   | Reached skill level 14 in Spellcasting
 12076 | Lair:2   | Offered knowledge of Ignite Poison by Vehumet.
 12723 | Lair:3   | Noticed a six-headed hydra
 12766 | Lair:3   | Killed a six-headed hydra
 12766 | Lair:3   | Reached XP level 12. HP: 60/60 MP: 17/32
 12855 | Lair:3   | Reached *** piety under Vehumet
 13214 | Lair:3   | Noticed a five-headed hydra
 13219 | Lair:3   | Killed a five-headed hydra
 13684 | Lair:3   | Reached skill level 15 in Spellcasting
 13865 | Lair:3   | Noticed an eight-headed hydra
 13871 | Lair:3   | Killed an eight-headed hydra
 14100 | Lair:4   | Reached skill level 5 in Shields
 14240 | Lair:4   | Reached skill level 1 in Fighting
 14541 | Lair:4   | Noticed a seven-headed hydra
 14545 | Lair:4   | Killed a seven-headed hydra
 14545 | Lair:4   | Offered knowledge of Force Lance by Vehumet.
 14696 | Lair:4   | Learned a level 4 spell: Force Lance
 14732 | Lair:4   | Found a staircase to the Swamp.
 14819 | Lair:4   | Noticed a five-headed hydra
 14824 | Lair:4   | Killed a five-headed hydra
 15054 | Lair:4   | Found a staircase to the Snake Pit.
 15731 | Lair:5   | Found a frozen archway.
 15739 | IceCv    | Entered an ice cave
 15815 | IceCv    | Reached **** piety under Vehumet
 15864 | IceCv    | Offered knowledge of Bolt of Magma by Vehumet.
 15864 | IceCv    | Reached XP level 13. HP: 64/64 MP: 11/34
 15871 | IceCv    | Learned a level 5 spell: Bolt of Magma
 16035 | IceCv    | Reached skill level 16 in Spellcasting
 16134 | IceCv    | Got a wavering glass ring
 16781 | Lair:5   | Found a staircase to the Slime Pits.
 16820 | Lair:5   | Identified the cursed ring of the Coward {MP+9 Slay-3} (You
                  | found it in an ice cave)
 17229 | Lair:6   | Entered Level 6 of the Lair of Beasts
 17603 | Lair:6   | Found a runed translucent gate.
 17603 | Lair:6   | Found a runed translucent gate.
 17603 | Lair:6   | Found a runed translucent gate.
 17727 | Lair:6   | Noticed PeterLawrence's ghost (journeyman MiFi)
 17727 | Lair:6   | Noticed PeterLawrence's ghost (journeyman MiFi)
 17728 | Lair:6   | Noticed Yolobob's ghost (journeyman TrMo)
 17728 | Lair:6   | Noticed confidenceinterval's ghost (journeyman DsFi)
 17728 | Lair:6   | Reached skill level 5 in Dodging
 17732 | Lair:6   | Noticed confidenceinterval's ghost (journeyman MiFi)
 18349 | Lair:6   | Noticed a fire dragon
 18357 | Lair:6   | Killed a fire dragon
 18357 | Lair:6   | HP: 2/65 [something (6)]
 19115 | Lair:6   | Found a runed translucent door.
 19345 | Lair:6   | Reached skill level 17 in Spellcasting
 19439 | Lair:6   | Reached ***** piety under Vehumet
 19442 | Lair:6   | Offered knowledge of Ozocubu's Refrigeration by Vehumet.
 20304 | D:11     | Noticed Sonja
 20457 | D:11     | Found the amulet of the Four Winds {rN+ MR+++ Clar}
 20565 | D:11     | Found Vivogg's General Store.
 20584 | D:11     | Found a gate leading to a gauntlet.
 20593 | Gauntlet | Entered a Gauntlet
 20593 | Gauntlet | Found a transporter.
 20657 | Gauntlet | Found a transporter.
 20672 | Gauntlet | Found a transporter.
 20677 | Gauntlet | Found a transporter.
 20692 | Gauntlet | Found a transporter.
 20711 | Gauntlet | Found a transporter.
 20723 | Gauntlet | Found a transporter.
 20735 | Gauntlet | Found a transporter.
 20747 | Gauntlet | Found a transporter.
 20753 | Gauntlet | Found a transporter.
 20768 | Gauntlet | Found a transporter.
 20780 | Gauntlet | Noticed a spark wasp
 20780 | Gauntlet | a wolf spider changed into a spark wasp
 20785 | Gauntlet | Found a transporter.
 20790 | Gauntlet | Noticed an ettin
 20790 | Gauntlet | a spark wasp changed into an ettin
 20793 | Gauntlet | an ettin changed into a tyrant leech
 20812 | Gauntlet | Noticed a spark wasp
 20812 | Gauntlet | an ice dragon changed into a spark wasp
 20821 | Gauntlet | a spark wasp changed into an anaconda
 20824 | Gauntlet | Found a transporter.
 20850 | Gauntlet | Found a transporter.
 20852 | Gauntlet | Found a transporter.
 20872 | Gauntlet | Found a transporter.
 20950 | Gauntlet | Found a transporter.
 20972 | Gauntlet | Found a transporter.
 21097 | Gauntlet | Reached skill level 5 in Stealth
 21396 | Gauntlet | Got a polished chain mail
 21454 | Gauntlet | Reached skill level 1 in Ice Magic
 21457 | Gauntlet | Reached XP level 14. HP: 70/70 MP: 18/37
 21480 | Gauntlet | Got a twitching amber ring
 21558 | Gauntlet | Identified the ring of Xole {rC+ Dex+5}
 21567 | Gauntlet | Found the ring of the Octopus King
 21656 | Gauntlet | Got a ring of the Octopus King
 21703 | D:11     | Noticed Harold
 21706 | D:11     | Killed Harold
 21871 | D:11     | Identified the +0 chain mail of Contentment {Int+4} (You
                  | found it in a Gauntlet)
 22014 | D:11     | Found a staircase to the Orcish Mines.
 22290 | D:11     | Killed Sonja
 22467 | D:11     | Got a thick robe
 22478 | D:11     | Identified the +1 robe of an ossuary {rF+ Str+3} (You found
                  | it on level 11 of the Dungeon)
 22615 | Orc:1    | Entered Level 1 of the Orcish Mines
 22615 | Orc:1    | Found Keonum's Antique Armour Shop.
 22659 | Orc:1    | Reached skill level 1 in Earth Magic
 22777 | Orc:1    | Found a roughly hewn altar of Beogh.
 22938 | Orc:2    | Entered Level 2 of the Orcish Mines
 23137 | Orc:1    | Identified the +1 scimitar of the Pit {freeze, *Contam
                  | rPois MR++ Dex-3}
 23140 | Orc:1    | Found a transporter.
 23145 | Orc:1    | Found a transporter.
 23167 | Orc:1    | Reached skill level 1 in Armour
 23178 | Orc:1    | Offered knowledge of Iron Shot by Vehumet.
 23187 | Orc:1    | Learned a level 6 spell: Iron Shot
 23209 | Orc:1    | Found a roughly hewn altar of Beogh.
 23217 | Orc:1    | Noticed an orc warlord
 23506 | Orc:1    | Identified the ring "Xusoj" {*Slow rPois Str+4 Int+4} (You
                  | found it in a Gauntlet)
 23508 | Orc:1    | Identified a ring of the Octopus King {rCorr AC+1 EV+1
                  | Str+1 Int+1 Dex+1} (You found it in a Gauntlet)
 23835 | Orc:2    | Found a staircase to the Elven Halls.
 23907 | Orc:2    | Killed an orc warlord
 24352 | Orc:1    | Noticed Aske's ghost (journeyman HaBe)
 24358 | Orc:1    | Found a bloodstained altar of Trog.
 24834 | Orc:2    | Reached skill level 18 in Spellcasting
 25289 | Orc:2    | Upgraded the game from 0.24-a0-271-ga0fc33f to
                  | 0.24-a0-274-gb3763e6
 25561 | Orc:2    | Offered knowledge of Lee's Rapid Deconstruction by Vehumet.
 25894 | Orc:2    | Found Domnyd's Weapon Boutique.
 25894 | Orc:2    | Found Cibrulue's Weapon Boutique.
 25895 | Orc:2    | Found Fajaurph's Magic Scroll Shop.
 25895 | Orc:2    | Found Zishotet's Antique Weapon Boutique.
 25903 | Orc:2    | Bought a scroll of teleportation for 36 gold pieces
 25903 | Orc:2    | Bought a scroll of teleportation for 36 gold pieces
 25903 | Orc:2    | Bought a scroll of teleportation for 36 gold pieces
 26047 | D:12     | Noticed Psyche
 26048 | D:12     | Killed Psyche
 26441 | D:12     | Found Hydalece's Magic Scroll Boutique.
 26449 | D:12     | Bought a scroll of acquirement for 884 gold pieces
 26449 | D:12     | Bought a scroll of teleportation for 51 gold pieces
 26449 | D:12     | Bought a scroll of teleportation for 51 gold pieces
 26511 | D:12     | Noticed Urug
 26514 | D:12     | Killed Urug
 27462 | D:13     | Noticed Snorg
 27620 | D:13     | Killed Snorg
 27993 | D:13     | Noticed an ironheart preserver
 28002 | D:13     | Killed an ironheart preserver
 28002 | D:13     | Reached XP level 15. HP: 55/74 MP: 3/39
 28277 | D:13     | Reached skill level 15 in Fire Magic
 28645 | D:13     | Reached skill level 19 in Spellcasting
 28829 | D:13     | Found a gate to the Vaults.
 29078 | D:14     | Noticed Nessos
 29082 | D:14     | Killed Nessos
 29442 | D:14     | Identified Roxanne's Collected Works on Changing
 29442 | D:14     | Noticed Roxanne
 30027 | D:14     | Noticed Frances
 30101 | D:14     | Killed from afar by Frances

Levels and vault maps discovered:
D:1:      dpeg_arrival_stone_temple_mockup, layout_basic, hex_tiny,
          item_on_display_a
D:2:      layout_rooms, tso_oasis_becter, minmay_circle_x, uniq_terence
D:3:      layout_loops_cross, lemuel_round_altar,
          nicolae_overflow_crystal_walls, nicolae_ru_awakened_eye,
          lemuel_doored_altar, ashenzari_altar_1, first_ration, kennysheep_boxes
D:4:      layout_rooms
D:5:      layout_loops_ring, kennysheep_mini, grunt_dithmenos_smoke_and_mirrors,
          basic_altar, nicolae_qazlal_style_of_elements
D:6:      layout_basic, old_standard_altar, xom_confusion_cloud,
          uniq_crazy_yiuf_cottage
D:7:      layout_basic, slow_altar_1, minmay_temple_entry_slanted, uniq_menkaure
D:8:      layout_basic
D:9:      layout_roguey, elyvilon_altar_4, lemuel_coloured_pillars_altar,
          serial_shops, shop_statue, uniq_erolcha
D:10:     minmay_razor_zed, layout_loops_ring, lair_entry_dummy,
          hangedman_fish_farm
D:11:     layout_basic, gauntlet_entry_generic, serial_shops,
          kennysheep_mini_moat, uniq_harold, uniq_sonja
D:12:     layout_stronghold, serial_shops, shop, uniq_psyche, uniq_urug
D:13:     layout_irregular_city, skrybe_vaults_entry_preservation, uniq_snorg
D:14:     layout_long_grid, uniq_nessos, uniq_frances, uniq_roxanne
Temple:   nicolae_temple_figure_zero
Lair:1:   layout_cave_pods, grunt_megastairs_4
Lair:2:   layout_regular_city, ice2_lemuel, grunt_megastairs_3
Lair:3:   cheibrodos_lair_river_kwai, layout_long_grid, wad_woods_river_04
Lair:4:   layout_regular_city, swamp_mist_pool,
          minmay_snake_entry_guardpost_medium, st_stairs_7
Lair:5:   layout_cave_pods, minmay_slime_entry_pillars,
          portal_ice_cave_entry_pillars_1, grunt_megastairs_1
Lair:6:   wormcave, layout_loops_ring, guppyfry_lair_end_dragon,
          gammafunk_ghost_cemetery, lemuel_fruit_tree
Orc:1:    nicolae_orc_accident_2, layout_caves,
          gammafunk_ghost_wrathful_warriors, serial_shops, shop,
          minmay_orc_temple_a
Orc:2:    st_orc_pillars, layout_diamond_mine
IceCv:    ice_cave_small_dragons
Gauntlet: gammafunk_gauntlet_one_two_three
          [gammafunk_gauntlet_arena_split_diamond,
          gammafunk_gauntlet_arena_chambers, nicolae_gauntlet_arena_t_cross,
          nicolae_gauntlet_arena_flowing_pool, gammafunk_gauntlet_arena_grid,
          gammafunk_gauntlet_arena_split_x, nicolae_gauntlet_swirl,
          gammafunk_gauntlet_arena_hedges, gammafunk_gauntlet_arena_mazey,
          gauntlet_exit_hidden_loot]

Skill      XL: |  1  2  3  4  5  6  7  8  9 10 11 12 13 14 15 |
---------------+----------------------------------------------+-----
Fire Magic     | 4 5 6 7 8 9 11 13 14 15 | 15.1
Spellcasting   | 4 5 6 7 9 11 12 14 15 17 18 19 | 19.3
Conjurations   | 2 3 4 5 7 9 10 12 13 14 | 14.8
Shields        | 1 3 4 5 |  5.3
Dodging        | 3 4 6 |  6.5
Stealth        | 3 4 5 |  5.1
Poison Magic   | 1 |  1.9
Fighting       | 1 |  1.4
Ice Magic      | 1 |  1.0
Earth Magic    | 1 |  1.8
Armour         | 3 |  3.8
Evocations     | |  0.8

Action                   |  1- 3 |  4- 6 |  7- 9 | 10-12 | 13-15 || total
-------------------------+-------+-------+-------+-------+-------++-------
Melee: Unarmed           |     1 |       |       |       |       ||     1
       Short sword       |     1 |       |    16 |    19 |       ||    36
       Staff             |       |       |       |     1 |     1 ||     2
 Cast: Flame Tongue      |    84 |   114 |   144 |   151 |   183 ||   676
       Throw Flame       |       |     7 |    12 |    11 |     5 ||    35
       Sticky Flame      |       |     3 |    22 |    59 |    60 ||   144
       Conjure Flame     |       |       |     4 |     3 |     3 ||    10
       Fireball          |       |       |     4 |   126 |   302 ||   432
       Venom Bolt        |       |       |       |     8 |       ||     8
       Throw Icicle      |       |       |       |       |     8 ||     8
       Bolt of Magma     |       |       |       |       |    49 ||    49
       Iron Shot         |       |       |       |       |    16 ||    16
 Abil: Evoke Flight      |       |       |       |       |     1 ||     1
Evoke: Wand              |       |       |       |       |     3 ||     3
  Use: Scroll            |       |       |     3 |    15 |    11 ||    29
       Potion            |       |       |       |       |     3 ||     3
  Eat: Chunk             |     2 |     6 |    11 |    19 |    32 ||    70
       Ration            |       |       |       |     3 |     3 ||     6
Armor: Robe              |    16 |     8 |    17 |    32 |    20 ||    93
Dodge: Dodged            |    23 |    31 |    34 |    59 |    54 ||   201
Block: Buckler           |       |     1 |    14 |    67 |    38 ||   120
       Reflection        |       |       |       |     2 |     2 ||     4

Table legend:
 A = Non-vault XP
 B = Vault XP
 C = Vault XP percentage of total XP
 D = Non-vault monster count
 E = Vault monster count
 F = Vault count percentage of total count
                 A         B        C        D         E       F
            +---------+---------+-------+---------+---------+-------
      Total |   62280 |   55308 |  47.0 |     455 |     221 |  32.7
            +---------+---------+-------+---------+---------+-------
        D:1 |      44 |       0 |   0.0 |      25 |       0 |   0.0
        D:2 |      86 |      40 |  31.7 |      14 |       6 |  30.0
        D:3 |     171 |       0 |   0.0 |      36 |       0 |   0.0
        D:4 |     233 |       0 |   0.0 |       6 |       0 |   0.0
        D:5 |     531 |       0 |   0.0 |      13 |       0 |   0.0
        D:6 |     710 |     310 |  30.4 |      13 |       6 |  31.6
        D:7 |     648 |     177 |  21.5 |      12 |       2 |  14.3
        D:8 |     662 |       0 |   0.0 |      18 |       0 |   0.0
        D:9 |    2868 |     952 |  24.9 |      26 |       1 |   3.7
       D:10 |    1083 |    1775 |  62.1 |      17 |      12 |  41.4
       D:11 |    4895 |    1790 |  26.8 |      43 |       2 |   4.4
       D:12 |    3850 |    1261 |  24.7 |      17 |       2 |  10.5
       D:13 |   10313 |    5199 |  33.5 |      44 |      10 |  18.5
       D:14 |    9350 |    1344 |  12.6 |      29 |       1 |   3.3
     Lair:1 |    5436 |     155 |   2.8 |      23 |       2 |   8.0
     Lair:2 |    1555 |    2625 |  62.8 |      10 |      17 |  63.0
     Lair:3 |    5289 |    2685 |  33.7 |      17 |       6 |  26.1
     Lair:4 |    4784 |    1493 |  23.8 |      18 |       9 |  33.3
     Lair:5 |    2018 |     577 |  22.2 |      12 |       5 |  29.4
     Lair:6 |    5159 |   10711 |  67.5 |      24 |      30 |  55.6
      Orc:1 |    1218 |     496 |  28.9 |       6 |      11 |  64.7
      Orc:2 |    1377 |   12748 |  90.3 |      32 |      66 |  67.3
      IceCv |       0 |    5478 | 100.0 |       0 |      20 | 100.0
   Gauntlet |       0 |    5492 | 100.0 |       0 |      13 | 100.0
            +---------+---------+-------+---------+---------+-------
